 Dungeon Crawl Stone Soup version 0.22-a0-351-g29664b4 (webtiles) character file.

63 khargal the Insei (level 3, -4/33 HPs)
             Began as a Draconian Monk on Apr 12, 2018.
             Slain by Natasha (9 damage)
             ... on level 2 of the Dungeon.
             The game lasted 00:03:42 (1591 turns).

khargal the Insei (Draconian Monk)                  Turns: 1591, Time: 00:03:42

Health: -4/33      AC:  6    Str: 13    XL:     3   Next: 89%
Magic:  3/3        EV: 13    Int: 10    God:
Gold:   83         SH:  0    Dex: 14    Spells: 2/2 levels left

rFire    . . .     SeeInvis .     - Unarmed
rCold    . . .     Gourm    .   (no shield)
rNeg     . . .     Faith    .   (armour unavailable)
rPois    .         Spirit   .   (helmet restricted)
rElec    .         Reflect  .   (no cloak)
rCorr    .         Harm     .   l - +0 pair of gloves
MR       .....                  (no boots)
Stlth    ++........             (no amulet)
HPRegen  0.11/turn              (no ring)
MPRegen  0.08/turn              (no ring)

@: no status effects
A: unfitting armour, cold-blooded, AC +5
a: no special abilities


You were on level 2 of the Dungeon.
You were not hungry.

You visited 1 branch of the dungeon, and saw 2 of its levels.

You collected 83 gold pieces.

Inventory:

Missiles
 i - 7 poisoned needles
Armour
 l - a +0 pair of gloves (worn)
Wands
 k - a wand of digging (19)
Scrolls
 c - 2 scrolls of magic mapping {unknown}
 e - 2 scrolls of teleportation {unknown}
 f - 2 scrolls of identify {unknown}
 j - a scroll of noise {unknown}
Potions
 b - 2 potions of degeneration {unknown}
 d - 3 potions of curing {unknown}
 g - a potion of flight {unknown}
 m - a potion of brilliance {unknown}
 n - a potion of agility {unknown}
Comestibles
 a - a ration
 h - 5 chunks of flesh


   Skills:
 + Level 3.7 Fighting
 + Level 3.3 Dodging
 - Level 2.0 Stealth
 + Level 3.9 Unarmed Combat


You had 2 spell levels left.
You didn't know any spells.

Dungeon Overview and Level Annotations

Branches:
Dungeon (2/15)

Altars:

Annotations:
D:2 Natasha


Innate Abilities, Weirdness & Mutations

Your plain brown scales are hard. (AC +5)
You cannot fit into any form of body armour.
You are cold-blooded and may be slowed by cold attacks.


Message History

You hit Natasha but do no damage.
Natasha is heavily wounded.
Natasha claws you.
You are too injured to fight recklessly!
You are too injured to fight recklessly!
You are too injured to fight recklessly!
You are too injured to fight recklessly!
You are too injured to fight recklessly!
You barely miss Natasha. Your punch misses Natasha.
Natasha is heavily wounded.
Natasha misses you.
You hit Natasha.
Natasha is severely wounded.
Natasha casts a spell at you. The magic dart hits you!
* * * LOW HITPOINT WARNING * * *
You closely miss Natasha.
Natasha is severely wounded.
Natasha claws you!
You die...

.......##..#.# ..#
#..........#.##..###
#.#######.##....>..#
# #.##.......#
#.##.......#
#....>.....#
####.###).........#
.............%....#
####.###......@...#
#..#####h### #....
.# ##.... .. #.####
... #.# #### #..


You could see Natasha.

Vanquished Creatures
  Natasha (D:2)
  An ooze (D:1)
  A worm (D:1)
  A dart slug (D:2)
  A leopard gecko (D:1)
  A ball python (D:2)
  4 bats (D:1)
  A giant cockroach (D:2)
  A goblin (D:1)
  3 hobgoblins
  A quokka (D:2)
  3 frilled lizards (D:1)
  6 kobolds (D:1)
  4 rats
29 creatures vanquished.

Notes
Turn   | Place    | Note
-------+----------+-------------------------------------------
     0 | D:1      | khargal the Draconian Monk began the quest for the Orb.
     0 | D:1      | Reached XP level 1. HP: 19/19 MP: 1/1
   164 | D:1      | Reached XP level 2. HP: 18/26 MP: 2/2
   961 | D:1      | Reached XP level 3. HP: 19/33 MP: 3/3
  1098 | D:2      | Noticed Natasha
  1110 | D:2      | Killed Natasha
  1582 | D:2      | Noticed Natasha
  1591 | D:2      | Slain by Natasha

Vault maps used:
D:1:      dpeg_arrival_concentric_ovals, serial_park_tiny_1
D:2:      grunt_ministairs_7, uniq_natasha

Skill      XL: |  1  2 |
---------------+-------+-----
Dodging        | 3 |  3.3
Stealth        | 2 |  2.0
Fighting       | |  3.7
Unarmed Combat | |  3.9

Action                   || total
-------------------------++-------
Melee: Unarmed           ||   113
       Tailslap          ||     7
       Punch             ||     1
 Stab: Sleeping          ||     7
  Eat: Chunk             ||     2
Armor: Skin              ||    23
Dodge: Dodged            ||    82

Table legend:
 A = Spawn XP
 B = Non-spawn XP
 C = Spawn XP percentage of total XP
 D = Spawn monster count
 E = Non-spawn monster count
 F = Spawn count percentage of total count
 G = Total turns spent on level
                    A         B        C        D         E        F      G
               +---------+---------+-------+---------+---------+-------+---------
         Total |       0 |      91 |   0.0 |       0 |      29 |   0.0 |  1591
               +---------+---------+-------+---------+---------+-------+---------
           D:1 |       0 |      43 |   0.0 |       0 |      22 |   0.0 |  1325
           D:2 |       0 |      48 |   0.0 |       0 |       7 |   0.0 |   266
               +---------+---------+-------+---------+---------+-------+---------
